Red Wings vs Flames

Created - December 16, 2019 at 19:35

Goals
1 2 3 T
Red Wings 3 3 1 7
Flames 0 0 1 1
Shots
1 2 3 T
Red Wings 10 12 15 37
Flames 9 6 11 26

1st period

1. Red Wings , Adam Henrique 9 (Mike Richards 21) at 9:18
2. Red Wings , Adam Henrique 10 (Ryan O'Byrne 2, Mike Richards 22) at 13:23
3. Red Wings , Tomas Kopecky 4 (Sean Bergenheim 12) at 16:38 (PP)

Penalties :
Mikhail Grabovski (Cal) for Roughing (Minor) at 16:07, Alexander Semin (Cal) for Hooking (Minor) at 17:04

2nd period

4. Red Wings , Sean Bergenheim 7 (Tomas Kopecky 6, Karl Alzner 3) at 0:14
5. Red Wings , Tomas Kopecky 5 (Nick Bjugstad 6, Sean Bergenheim 13) at 5:36
6. Red Wings , Mike Richards 4 (Ole-Kristian Tollefsen 12, Adam Henrique 16) at 12:50

Penalties :
Eric Staal (Cal) for Cross-checking (Minor) at 0:17, Mike Richards (Det) for Roughing (Minor) at 7:14, Steve Eminger (Cal) for High sticking (Minor) at 10:05, Mike Richards (Det) for Roughing (Minor) at 12:59, Steve Regier (Cal) for Slashing (Minor) at 19:47

3rd period

7. Red Wings , Tomas Kopecky 6 (Sean Bergenheim 14, Karl Alzner 4) at 1:15 (PP)
8. Flames , Kyle Palmieri 4 (Steve Eminger 7) at 9:55

Penalties :
Derek Meech (Cal) for Hooking (Minor) at 10:45

Goalie Stats

James Reimer (Det), 25 saves from 26 shots - (0.962), W, 8-9-2, 60:00 minutes
Jonas Gustavsson (Cal), 23 saves from 26 shots - (0.885), 39:46 minutes
Pekka Rinne (Cal), 7 saves from 11 shots - (0.636), L, 3-4-0, 20:14 minutes

Players Stats for Red Wings

Player Name              G  A  P  +/- PIM S  H  SB GA TA FO     MP     PP MP  PK MP  
------------------------------------------------------------------------------------
Adam Henrique            2  1  3   3  0   8  1  0  2  1  0/0    21:51   5:49   0:13 
Alex Picard              0  0  0  -1  0   4  1  1  1  0  0/1    10:33   0:00   0:13 
Anton Volchenkov         0  0  0   0  0   0  0  0  0  0  0/0    13:20   0:00   1:57 
Carson Mcmillan          0  0  0   0  0   1  0  0  0  0  0/0     8:58   0:00   1:52 
Connor Brown             0  0  0   3  0   2  1  0  1  0  0/1    21:15   5:49   0:00 
David Krejci             0  0  0  -1  0   0  0  0  0  0  3/8     9:57   0:00   0:00 
Jiri Fischer             0  0  0   0  0   0  1  2  0  0  0/0    17:53   4:01   2:01 
Karl Alzner              0  2  2   2  0   1  0  2  1  1  0/0    21:21   4:01   0:00 
Maxim Lapierre           0  0  0   0  0   0  1  1  0  0  1/1     9:00   0:00   1:53 
Michael Haley            0  0  0   0  0   0  1  0  0  0  1/2     8:58   0:00   1:52 
Mike Richards            1  2  3   3  4   5  1  1  1  0  14/26  21:37   5:49   0:00 
Nick Bjugstad            0  1  1   2  0   2  1  1  0  0  13/28  17:20   4:06   0:00 
Ole-Kristian Tollefsen   0  1  1   2  0   1  0  0  0  0  0/0    25:15   5:54   1:57 
Petr Pohl                0  0  0  -1  0   0  0  1  1  0  0/0     9:57   0:00   0:00 
Philip Samuelsson        0  0  0   2  0   5  0  2  0  2  0/0    23:07   5:54   0:00 
Ryan O'Byrne             0  1  1   2  0   1  2  1  1  1  0/0    19:04   0:00   2:01 
Sean Bergenheim          1  3  4   2  0   2  1  0  0  1  0/1    19:14   4:06   1:53 
Tomas Kopecky            3  1  4   2  0   5  0  0  0  0  0/0    17:20   4:06   0:00 

Players Stats for Flames

Player Name              G  A  P  +/- PIM S  H  SB GA TA FO     MP     PP MP  PK MP  
------------------------------------------------------------------------------------
Alexander Semin          0  0  0   0  2   2  3  0  0  1  2/2    18:12   2:03   3:27 
Brad Marchand            0  0  0  -3  0   3  0  0  0  2  2/3    23:10   1:43   5:03 
Brendan Mikkelson        0  0  0  -1  0   1  1  1  0  0  0/0    11:46   0:00   0:48 
Colin Wilson             0  0  0   0  0   3  1  0  0  0  9/21   17:43   0:12   4:38 
David Backes             0  0  0  -3  0   0  1  0  0  0  1/3    19:57   2:03   2:16 
David Ullstrom           0  0  0  -1  0   1  2  0  0  0  0/0     7:24   0:18   0:00 
Derek Meech              0  0  0  -2  2   0  2  1  1  1  0/0    23:40   1:20   4:59 
Eric Staal               0  0  0  -3  2   3  1  1  1  0  18/29  21:53   2:02   3:45 
Erik Johnson             0  0  0  -1  0   1  2  2  0  2  0/0    25:40   2:38   4:49 
Jordin Tootoo            0  0  0   0  0   1  0  0  0  0  0/1    13:29   0:07   0:00 
Kyle Palmieri            1  0  1  -1  0   3  0  0  0  0  0/0     8:56   1:43   0:00 
Mikhail Grabovski        0  0  0   0  2   0  1  0  0  0  0/3    11:52   1:43   0:25 
Peter Prucha             0  0  0   0  0   0  1  2  0  0  0/0     9:43   0:00   0:00 
Sami Vatanen             0  0  0  -1  0   3  1  1  2  0  0/0    20:22   2:38   0:10 
Steve Eminger            0  1  1  -2  2   2  0  2  2  1  0/0    22:19   0:00   5:11 
Steve Regier             0  0  0   0  2   1  1  0  0  0  0/0    10:12   0:00   0:16 
Tim Ramholt              0  0  0  -1  0   2  0  5  0  1  0/0    16:48   1:20   3:53 
Vladimir Sobotka         0  0  0  -1  0   0  0  0  0  0  4/6     6:53   0:00   0:00 

3 Stars

1 - Tomas Kopecky (Det)
2 - Adam Henrique (Det)
3 - Sean Bergenheim (Det)

Power Play

Red Wings - 2 on 6 Attempt(s) - 33.33%
Flames - 0 on 2 Attempt(s) - 0.00%

Penalty Kill

Red Wings - 2 on 2 Attempt(s) - 100.00% - Score 0 goal in Penalty Kill
Flames - 4 on 6 Attempt(s) - 66.67% - Score 0 goal in Penalty Kill

Team Stat

Red Wings - Hits : 11 - Faceoff Wins : 32 - Blocked Shots : 12 - Penalty Minutes : 4
Flames - Hits : 17 - Faceoff Wins : 36 - Blocked Shots : 15 - Penalty Minutes : 12

Official

Referees : Unknown
Linesman : Unknown

Game Notes

Jonas Gustavsson enters game at 0:14 of 2nd period
Tomas Kopecky has scored a Hat Trick!

Finance

Level 1 -- Attendance: 5017 (83.62%) -- Ticket Income $556,887
Level 2 -- Attendance: 3533 (70.66%) -- Ticket Income $254,376
Level 3 -- Attendance: 1537 (76.85%) -- Ticket Income $72,239
Level 4 -- Attendance: 3110 (77.75%) -- Ticket Income $99,520
Luxury Box -- Attendance: 848 (84.80%) -- Ticket Income $158,576
Game was played at the Metal Center.
Total Attendance: 14045 (78.03%)
Total Ticket Income: $1,141,598
Other Income: $171,240
Total Income: $1,312,838

Red Wings

5 vs 5 Forward 
   Center                   Left Wing                Right Wing               Time % Phy DF OF 
 1 Mike Richards            Adam Henrique            Connor Brown             38     0   2  3  
 2 Nick Bjugstad            Sean Bergenheim          Tomas Kopecky            37     0   2  3  
 3 David Krejci             Alex Picard              Petr Pohl                15     0   3  2  
 4 Maxim Lapierre           Michael Haley            Carson Mcmillan          10     1   2  2  

5 vs 5 Defense 
   Defense                  Defense                                           Time % Phy DF OF 
 1 Ryan O'Byrne             Philip Samuelsson                                 35     0   3  2  
 2 Ole-Kristian Tollefsen   Karl Alzner                                       35     0   3  2  
 3 Jiri Fischer             Anton Volchenkov                                  20     0   3  2  
 4 Jiri Fischer             Anton Volchenkov                                  10     0   3  2  

PowerPlay Forward 
   Center                   Left Wing                Right Wing               Time % Phy DF OF 
 1 Mike Richards            Adam Henrique            Connor Brown             55     0   1  4  
 2 Nick Bjugstad            Sean Bergenheim          Tomas Kopecky            45     0   1  4  

PowerPlay Defense
   Defense                  Defense                                           Time % Phy DF OF 
 1 Philip Samuelsson        Ole-Kristian Tollefsen                            60     0   2  3  
 2 Jiri Fischer             Karl Alzner                                       40     0   2  3  

Penalty Kill 4 Players Forward 
   Center                   Wing                     Time % Phy DF OF 
 1 Michael Haley            Carson Mcmillan          50     1   2  2  
 2 Sean Bergenheim          Maxim Lapierre           50     1   2  2  

Penalty Kill 4 Players Defense
   Defense                  Defense                  Time % Phy DF OF 
 1 Ryan O'Byrne             Jiri Fischer             50     1   2  2  
 2 Ole-Kristian Tollefsen   Anton Volchenkov         50     1   2  2  

Penalty Kill - 3 Players Forward 
   Forward                                           Time % Phy DF OF 
 1 Carson Mcmillan                                   60     1   2  2  
 2 Michael Haley                                     40     1   2  2  

Penalty Kill - 3 Players Defense
   Defense                  Defense                  Time % Phy DF OF 
 1 Ryan O'Byrne             Jiri Fischer             50     1   2  2  
 2 Philip Samuelsson        Anton Volchenkov         50     1   2  2  

4 vs 4 Forward 
   Center                   Wing                     Time % Phy DF OF 
 1 Mike Richards            Adam Henrique            60     1   2  2  
 2 Nick Bjugstad            Sean Bergenheim          40     1   2  2  

4 vs 4 Defense
   Defense                  Defense                  Time % Phy DF OF 
 1 Ryan O'Byrne             Karl Alzner              60     1   2  2  
 2 Ole-Kristian Tollefsen   Philip Samuelsson        40     1   2  2  

Last Minutes Offensive
   Center                   Left Wing                Right Wing               Defense                  Defense                  
   Mike Richards            Adam Henrique            Connor Brown             Ole-Kristian Tollefsen   Philip Samuelsson        

Last Minutes Defensive
   Center                   Left Wing                Right Wing               Defense                  Defense                  
   Sean Bergenheim          Michael Haley            Carson Mcmillan          Anton Volchenkov         Ryan O'Byrne             

Goaltenders
Starting : James Reimer             
Backup : Josh Harding             

Extra Forwards
Normal : Adam Henrique, Connor Brown, David Krejci - PP : David Krejci, Alex Picard - PK : Alex Picard
Extra Defensemen
Normal : Philip Samuelsson, Ole-Kristian Tollefsen, Karl Alzner - PP : Ryan O'Byrne - PK : Ole-Kristian Tollefsen, Karl Alzner
Penalty Shots
Mike Richards, Carson Mcmillan, Maxim Lapierre, Alex Picard, Sean Bergenheim

Scratches
Andrew Alberts (Healthy), Chris Kelly (Healthy)

Flames

5 vs 5 Forward 
   Center                   Left Wing                Right Wing               Time % Phy DF OF 
 1 Eric Staal               Brad Marchand            David Backes             40     2   2  1  
 2 Colin Wilson             Alexander Semin          Jordin Tootoo            33     2   2  1  
 3 Mikhail Grabovski        Steve Regier             Peter Prucha             19     2   2  1  
 4 Vladimir Sobotka         David Ullstrom           Kyle Palmieri            8      2   2  1  

5 vs 5 Defense 
   Defense                  Defense                                           Time % Phy DF OF 
 1 Erik Johnson             Sami Vatanen                                      38     2   2  1  
 2 Derek Meech              Steve Eminger                                     29     2   2  1  
 3 Brendan Mikkelson        Tim Ramholt                                       23     2   2  1  
 4 Derek Meech              Steve Eminger                                     10     2   2  1  

PowerPlay Forward 
   Center                   Left Wing                Right Wing               Time % Phy DF OF 
 1 Eric Staal               Alexander Semin          David Backes             60     1   0  4  
 2 Mikhail Grabovski        Brad Marchand            Kyle Palmieri            40     1   0  4  

PowerPlay Defense
   Defense                  Defense                                           Time % Phy DF OF 
 1 Erik Johnson             Sami Vatanen                                      60     1   1  3  
 2 Derek Meech              Tim Ramholt                                       40     1   1  3  

Penalty Kill 4 Players Forward 
   Center                   Wing                     Time % Phy DF OF 
 1 Colin Wilson             Alexander Semin          50     1   4  0  
 2 Eric Staal               Brad Marchand            50     1   4  0  

Penalty Kill 4 Players Defense
   Defense                  Defense                  Time % Phy DF OF 
 1 Derek Meech              Steve Eminger            58     1   4  0  
 2 Erik Johnson             Tim Ramholt              42     1   4  0  

Penalty Kill - 3 Players Forward 
   Forward                                           Time % Phy DF OF 
 1 Eric Staal                                        50     1   4  0  
 2 Brad Marchand                                     50     1   4  0  

Penalty Kill - 3 Players Defense
   Defense                  Defense                  Time % Phy DF OF 
 1 Derek Meech              Steve Eminger            58     1   4  0  
 2 Erik Johnson             Tim Ramholt              42     1   4  0  

4 vs 4 Forward 
   Center                   Wing                     Time % Phy DF OF 
 1 Eric Staal               Alexander Semin          60     2   2  1  
 2 Mikhail Grabovski        David Backes             40     2   2  1  

4 vs 4 Defense
   Defense                  Defense                  Time % Phy DF OF 
 1 Erik Johnson             Sami Vatanen             60     2   2  1  
 2 Derek Meech              Steve Eminger            40     2   2  1  

Last Minutes Offensive
   Center                   Left Wing                Right Wing               Defense                  Defense                  
   Eric Staal               Alexander Semin          David Backes             Erik Johnson             Sami Vatanen             

Last Minutes Defensive
   Center                   Left Wing                Right Wing               Defense                  Defense                  
   Eric Staal               Alexander Semin          David Backes             Erik Johnson             Steve Eminger            

Goaltenders
Starting : Pekka Rinne              
Backup : Jonas Gustavsson         

Extra Forwards
Normal : Brad Marchand, Jordin Tootoo, David Ullstrom - PP : David Ullstrom, Colin Wilson - PK : David Backes
Extra Defensemen
Normal : Derek Meech, Steve Eminger, Tim Ramholt - PP : Derek Meech - PK : Erik Johnson, Tim Ramholt
Penalty Shots
Eric Staal, Alexander Semin, David Backes, Brad Marchand, Colin Wilson

Scratches
Patrik Berglund (Broken Right Index Finger Injury)

% Time on Ice - Red Wings

Lines # - Real PCT - Wanted PCT - Time Play
Normal Forward
1 - 33% - 38% - 15:26
2 - 30% - 37% - 13:38
3 - 22% - 15% - 9:57
4 - 15% - 10% - 7:06
Normal Defense
1 - 38% - 35% - 17:24
2 - 38% - 35% - 17:20
3 - 19% - 20% - 8:45
4 - 6% - 10% - 2:38
PP Forward
1 - 59% - 55% - 5:49
2 - 41% - 45% - 4:06
PP Defense
1 - 59% - 60% - 5:54
2 - 41% - 40% - 4:01
PK Forward
1 - 47% - 50% - 1:52
2 - 53% - 50% - 2:06
PK Defense
1 - 51% - 50% - 2:01
2 - 49% - 50% - 1:57
PK3 Forward
1 - 0% - 60%
2 - 0% - 40%
PK3 Defense
1 - 0% - 50%
2 - 0% - 50%
44 Forward
1 - 0% - 60%
2 - 0% - 40%
44 Defense
1 - 0% - 60%
2 - 0% - 40%
Last Minute Offensive  - 0:00
Last Minute Defensive  - 0:00
Total
Forward - 60:00
Defense - 60:00

% Time on Ice - Flames

Lines # - Real PCT - Wanted PCT - Time Play
Normal Forward
1 - 34% - 40% - 15:54
2 - 30% - 33% - 13:37
3 - 21% - 19% - 9:43
4 - 15% - 8% - 6:53
Normal Defense
1 - 38% - 38% - 17:34
2 - 31% - 29% - 14:24
3 - 22% - 23% - 10:20
4 - 8% - 10% - 3:49
PP Forward
1 - 57% - 60% - 2:15
2 - 43% - 40% - 1:43
PP Defense
1 - 66% - 60% - 2:38
2 - 34% - 40% - 1:20
PK Forward
1 - 49% - 50% - 4:50
2 - 51% - 50% - 5:05
PK Defense
1 - 72% - 58% - 7:10
2 - 28% - 42% - 2:45
PK3 Forward
1 - 0% - 50%
2 - 0% - 50%
PK3 Defense
1 - 0% - 58%
2 - 0% - 42%
44 Forward
1 - 0% - 60%
2 - 0% - 40%
44 Defense
1 - 0% - 60%
2 - 0% - 40%
Last Minute Offensive  - 0:00
Last Minute Defensive  - 0:00
Total
Forward - 60:00
Defense - 60:00

Play-by-Play

1st period


0:01 of 1st period - Eric Staal wins face-off versus Mike Richards in neutral zone.
0:08 of 1st period - Slapshot by Erik Johnson.
0:08 of 1st period - Shot Misses the Net.
0:10 of 1st period - Slapshot by Brad Marchand.
0:10 of 1st period - Stopped by James Reimer with a rebound.
0:12 of 1st period - Snap shot by Brad Marchand.
0:12 of 1st period - Shot Blocked by Ryan O'Byrne.
0:29 of 1st period - Off-side.
0:30 of 1st period - Nick Bjugstad wins face-off versus Colin Wilson in neutral zone.
1:07 of 1st period - Wrist shot by Alexander Semin.
1:07 of 1st period - Shot Misses the Net.
1:11 of 1st period - Wrist shot by Alexander Semin.
1:11 of 1st period - Shot Misses the Net.
2:07 of 1st period - Slapshot by Alexander Semin.
2:07 of 1st period - Deflect By Jiri Fischer.
2:07 of 1st period - Shot Misses the Net.
2:07 of 1st period - Puck is out of play.
2:08 of 1st period - Mike Richards wins face-off versus Eric Staal in Red Wings zone.
2:35 of 1st period - Peter Prucha is hit by Michael Haley and loses puck.
2:42 of 1st period - Ole-Kristian Tollefsen is hit by Peter Prucha and loses puck.
2:47 of 1st period - Slapshot by Sami Vatanen.
2:47 of 1st period - Deflect By Steve Regier.
2:47 of 1st period - Shot Blocked by Maxim Lapierre.
2:47 of 1st period - Puck is out of play.
2:48 of 1st period - Vladimir Sobotka wins face-off versus Mike Richards in Red Wings zone.
4:03 of 1st period - Snap shot by Mike Richards.
4:03 of 1st period - Shot Blocked by Tim Ramholt.
4:49 of 1st period - Ole-Kristian Tollefsen is hit by Derek Meech and loses puck.
5:57 of 1st period - Snap shot by Eric Staal.
5:57 of 1st period - Shot Misses the Net.
5:59 of 1st period - Slapshot by Tim Ramholt.
5:59 of 1st period - Deflect By Ole-Kristian Tollefsen.
5:59 of 1st period - Stopped by James Reimer with a rebound.
6:48 of 1st period - Snap shot by Alexander Semin.
6:48 of 1st period - Shot Misses the Net.
6:58 of 1st period - Slapshot by Alexander Semin.
6:58 of 1st period - Shot Blocked by Nick Bjugstad.
8:08 of 1st period - Sean Bergenheim is hit by Alexander Semin and loses puck.
8:35 of 1st period - Slapshot by Eric Staal.
8:35 of 1st period - Stopped by James Reimer with a rebound.
8:47 of 1st period - Karl Alzner is hit by Mikhail Grabovski and loses puck.
8:54 of 1st period - Wrist shot by Steve Regier.
8:54 of 1st period - Shot Blocked by Alex Picard.
8:56 of 1st period - Slapshot by Sami Vatanen.
8:56 of 1st period - Stopped by James Reimer with a rebound.
9:11 of 1st period - Steve Eminger is hit by Mike Richards and loses puck.
9:18 of 1st period - Snap shot by Adam Henrique.
9:18 of 1st period - Goal by Adam Henrique - Red Wings : 1 - Flames : 0.
9:19 of 1st period - Eric Staal wins face-off versus Mike Richards in neutral zone.
9:30 of 1st period - Slapshot by Brad Marchand.
9:30 of 1st period - Shot Misses the Net.
9:32 of 1st period - Snap shot by David Backes.
9:32 of 1st period - Shot Misses the Net.
9:34 of 1st period - Slapshot by Erik Johnson.
9:34 of 1st period - Deflect By Brad Marchand.
9:34 of 1st period - Stopped by James Reimer with a rebound.
9:36 of 1st period - Slapshot by Erik Johnson.
9:36 of 1st period - Deflect By Brad Marchand.
9:36 of 1st period - Shot Blocked by Mike Richards.
9:36 of 1st period - Puck is out of play.
9:37 of 1st period - Nick Bjugstad wins face-off versus Colin Wilson in Red Wings zone.
10:53 of 1st period - Slapshot by Sami Vatanen.
10:53 of 1st period - Stopped by James Reimer without a rebound.
10:54 of 1st period - Mike Richards wins face-off versus Eric Staal in Red Wings zone.
11:03 of 1st period - Wrist shot by Mike Richards.
11:03 of 1st period - Stopped by Pekka Rinne without a rebound.
11:04 of 1st period - Mike Richards wins face-off versus Eric Staal in Flames zone.
12:29 of 1st period - Snap shot by Eric Staal.
12:29 of 1st period - Stopped by James Reimer with a rebound.
12:39 of 1st period - Snap shot by Mike Richards.
12:39 of 1st period - Stopped by Pekka Rinne with a rebound.
12:41 of 1st period - Snap shot by Adam Henrique.
12:41 of 1st period - Shot Blocked by Brendan Mikkelson.
12:43 of 1st period - Backhand shot by Philip Samuelsson.
12:43 of 1st period - Stopped by Pekka Rinne with a rebound.
12:45 of 1st period - Slapshot by Philip Samuelsson.
12:45 of 1st period - Stopped by Pekka Rinne with a rebound.
13:13 of 1st period - Slapshot by Adam Henrique.
13:13 of 1st period - Stopped by Pekka Rinne with a rebound.
13:15 of 1st period - Slapshot by Philip Samuelsson.
13:15 of 1st period - Deflect By Mike Richards.
13:15 of 1st period - Deflect By David Backes.
13:15 of 1st period - Stopped by Pekka Rinne with a rebound.
13:17 of 1st period - Wrist shot by Connor Brown.
13:17 of 1st period - Shot Misses the Net.
13:19 of 1st period - Slapshot by Ryan O'Byrne.
13:19 of 1st period - Shot Blocked by Tim Ramholt.
13:21 of 1st period - Snap shot by Mike Richards.
13:21 of 1st period - Shot Blocked by Eric Staal.
13:23 of 1st period - Snap shot by Ryan O'Byrne.
13:23 of 1st period - Deflect By Adam Henrique.
13:23 of 1st period - Goal by Adam Henrique - Red Wings : 2 - Flames : 0.
13:24 of 1st period - Nick Bjugstad wins face-off versus Colin Wilson in neutral zone.
13:31 of 1st period - Slapshot by Erik Johnson.
13:31 of 1st period - Shot Misses the Net.
13:33 of 1st period - Wrist shot by Sami Vatanen.
13:33 of 1st period - Shot Misses the Net.
13:35 of 1st period - Slapshot by Jordin Tootoo.
13:35 of 1st period - Deflect By Alexander Semin.
13:35 of 1st period - Shot Blocked by Jiri Fischer.
13:35 of 1st period - Puck is out of play.
13:36 of 1st period - Nick Bjugstad wins face-off versus Colin Wilson in Red Wings zone.
13:51 of 1st period - Wrist shot by Alexander Semin.
13:51 of 1st period - Shot Misses the Net.
13:53 of 1st period - Slapshot by Erik Johnson.
13:53 of 1st period - Shot Misses the Net.
14:45 of 1st period - Steve Eminger is hit by Nick Bjugstad and loses puck.
15:28 of 1st period - Slapshot by Maxim Lapierre.
15:28 of 1st period - Deflect By Carson Mcmillan.
15:28 of 1st period - Stopped by Pekka Rinne without a rebound.
15:29 of 1st period - Colin Wilson wins face-off versus Nick Bjugstad in Flames zone.
15:38 of 1st period - Snap shot by Sami Vatanen.
15:38 of 1st period - Shot Blocked by Philip Samuelsson.
15:40 of 1st period - Slapshot by Erik Johnson.
15:40 of 1st period - Stopped by James Reimer with a rebound.
15:42 of 1st period - Wrist shot by Colin Wilson.
15:42 of 1st period - Shot Misses the Net.
15:44 of 1st period - Snap shot by Sami Vatanen.
15:44 of 1st period - Shot Misses the Net.
16:07 of 1st period - Minor Penalty to Mikhail Grabovski for Roughing.
16:08 of 1st period - Colin Wilson wins face-off versus Mike Richards in Flames zone.
16:18 of 1st period - Snap shot by Mike Richards.
16:18 of 1st period - Shot Misses the Net.
16:38 of 1st period - Wrist shot by Tomas Kopecky.
16:38 of 1st period - Goal by Tomas Kopecky - Red Wings : 3 - Flames : 0.
16:39 of 1st period - Colin Wilson wins face-off versus Nick Bjugstad in neutral zone.
16:42 of 1st period - Wrist shot by Jordin Tootoo.
16:42 of 1st period - Stopped by James Reimer without a rebound.
16:43 of 1st period - Colin Wilson wins face-off versus Nick Bjugstad in Red Wings zone.
17:04 of 1st period - Minor Penalty to Alexander Semin for Hooking.
17:05 of 1st period - Colin Wilson wins face-off versus Mike Richards in Flames zone.
19:04 of 1st period - Penalty to Alexander Semin is over, Alexander Semin is back on ice.
19:17 of 1st period - Alex Picard is hit by Erik Johnson and loses puck.
Goals for this period are 3 for Red Wings vs 0 for Flames.
Shots for this period are 10 for Red Wings vs 9 for Flames.

2nd period


0:01 of 2nd period - Nick Bjugstad wins face-off versus Eric Staal in neutral zone.
0:14 of 2nd period - Snap shot by Sean Bergenheim.
0:14 of 2nd period - Goal by Sean Bergenheim - Red Wings : 4 - Flames : 0.
0:14 of 2nd period - Jonas Gustavsson enters game.
0:15 of 2nd period - Eric Staal wins face-off versus Nick Bjugstad in neutral zone.
0:17 of 2nd period - Minor Penalty to Eric Staal for Cross-checking.
0:18 of 2nd period - David Backes wins face-off versus Mike Richards in Flames zone.
0:30 of 2nd period - Slapshot by Adam Henrique.
0:30 of 2nd period - Shot Blocked by Derek Meech.
0:32 of 2nd period - Slapshot by Philip Samuelsson.
0:32 of 2nd period - Deflect By Connor Brown.
0:32 of 2nd period - Shot Blocked by Steve Eminger.
0:32 of 2nd period - Puck is out of play.
0:33 of 2nd period - Mike Richards wins face-off versus David Backes in Flames zone.
0:46 of 2nd period - Snap shot by Connor Brown.
0:46 of 2nd period - Shot Misses the Net.
1:16 of 2nd period - Wrist shot by Connor Brown.
1:16 of 2nd period - Shot Blocked by Steve Eminger.
1:40 of 2nd period - Wrist shot by Mike Richards.
1:40 of 2nd period - Deflect By Adam Henrique.
1:40 of 2nd period - Shot Misses the Net.
1:40 of 2nd period - Puck is out of play.
1:41 of 2nd period - Colin Wilson wins face-off versus Nick Bjugstad in Flames zone.
2:17 of 2nd period - Penalty to Eric Staal is over, Eric Staal is back on ice.
2:33 of 2nd period - David Krejci is hit by Erik Johnson and loses puck.
3:37 of 2nd period - Jordin Tootoo is hit by Maxim Lapierre and loses puck.
3:55 of 2nd period - Icing by Tim Ramholt.
3:56 of 2nd period - Vladimir Sobotka wins face-off versus David Krejci in Flames zone.
4:44 of 2nd period - Ole-Kristian Tollefsen is hit by Alexander Semin.
4:59 of 2nd period - Mike Richards is hit by Alexander Semin.
5:13 of 2nd period - Snap shot by Maxim Lapierre.
5:13 of 2nd period - Shot Hit the Post.
5:15 of 2nd period - Slapshot by Ole-Kristian Tollefsen.
5:15 of 2nd period - Shot Blocked by Peter Prucha.
5:17 of 2nd period - Slapshot by Ole-Kristian Tollefsen.
5:17 of 2nd period - Stopped by Jonas Gustavsson with a rebound.
5:19 of 2nd period - Wrist shot by Karl Alzner.
5:19 of 2nd period - Deflect By Steve Regier.
5:19 of 2nd period - Stopped by Jonas Gustavsson with a rebound.
5:29 of 2nd period - Derek Meech is hit by Sean Bergenheim and loses puck.
5:34 of 2nd period - Slapshot by Nick Bjugstad.
5:34 of 2nd period - Stopped by Jonas Gustavsson with a rebound.
5:36 of 2nd period - Slapshot by Tomas Kopecky.
5:36 of 2nd period - Goal by Tomas Kopecky - Red Wings : 5 - Flames : 0.
5:37 of 2nd period - Nick Bjugstad wins face-off versus Eric Staal in neutral zone.
5:40 of 2nd period - Slapshot by Philip Samuelsson.
5:40 of 2nd period - Stopped by Jonas Gustavsson without a rebound.
5:41 of 2nd period - Eric Staal wins face-off versus Nick Bjugstad in Flames zone.
5:45 of 2nd period - Off-side.
5:46 of 2nd period - Eric Staal wins face-off versus Nick Bjugstad in neutral zone.
6:05 of 2nd period - Snap shot by Tomas Kopecky.
6:05 of 2nd period - Stopped by Jonas Gustavsson without a rebound.
6:06 of 2nd period - Mike Richards wins face-off versus Colin Wilson in Flames zone.
6:56 of 2nd period - Off-side.
6:57 of 2nd period - David Krejci wins face-off versus Mikhail Grabovski in neutral zone.
7:00 of 2nd period - Snap shot by Philip Samuelsson.
7:00 of 2nd period - Stopped by Jonas Gustavsson with a rebound.
7:08 of 2nd period - Slapshot by Erik Johnson.
7:08 of 2nd period - Shot Blocked by Philip Samuelsson.
7:10 of 2nd period - Snap shot by Mikhail Grabovski.
7:10 of 2nd period - Deflect By David Krejci.
7:10 of 2nd period - Shot Blocked by Petr Pohl.
7:10 of 2nd period - Puck is out of play.
7:11 of 2nd period - Mike Richards wins face-off versus Eric Staal in Red Wings zone.
7:11 of 2nd period - Mike Richards is hit by David Backes.
7:14 of 2nd period - Minor Penalty to Mike Richards for Roughing.
7:15 of 2nd period - Michael Haley wins face-off versus Eric Staal in Red Wings zone.
9:14 of 2nd period - Penalty to Mike Richards is over, Mike Richards is back on ice.
9:26 of 2nd period - Tim Ramholt is hit by Adam Henrique and loses puck.
10:05 of 2nd period - Minor Penalty to Steve Eminger for High sticking.
10:06 of 2nd period - Colin Wilson wins face-off versus Mike Richards in Flames zone.
10:54 of 2nd period - Slapshot by Colin Wilson.
10:54 of 2nd period - Stopped by James Reimer with a rebound.
12:05 of 2nd period - Penalty to Steve Eminger is over, Steve Eminger is back on ice.
12:15 of 2nd period - Off-side.
12:16 of 2nd period - Vladimir Sobotka wins face-off versus David Krejci in neutral zone.
12:22 of 2nd period - Icing by Ryan O'Byrne.
12:23 of 2nd period - Vladimir Sobotka wins face-off versus David Krejci in Red Wings zone.
12:24 of 2nd period - Slapshot by David Ullstrom.
12:24 of 2nd period - Shot Misses the Net.
12:44 of 2nd period - Wrist shot by David Krejci.
12:44 of 2nd period - Shot Misses the Net.
12:46 of 2nd period - Slapshot by Ryan O'Byrne.
12:46 of 2nd period - Stopped by Jonas Gustavsson without a rebound.
12:47 of 2nd period - Mike Richards wins face-off versus Eric Staal in Flames zone.
12:48 of 2nd period - Wrist shot by Adam Henrique.
12:48 of 2nd period - Stopped by Jonas Gustavsson with a rebound.
12:50 of 2nd period - Slapshot by Ole-Kristian Tollefsen.
12:50 of 2nd period - Deflect By Mike Richards.
12:50 of 2nd period - Goal by Mike Richards - Red Wings : 6 - Flames : 0.
12:51 of 2nd period - Eric Staal wins face-off versus Mike Richards in neutral zone.
12:59 of 2nd period - Minor Penalty to Mike Richards for Roughing.
13:00 of 2nd period - Eric Staal wins face-off versus Michael Haley in Red Wings zone.
13:32 of 2nd period - Maxim Lapierre is hit by Sami Vatanen and loses puck.
13:43 of 2nd period - Snap shot by Brad Marchand.
13:43 of 2nd period - Stopped by James Reimer with a rebound.
14:21 of 2nd period - Michael Haley is hit by Derek Meech and loses puck.
14:59 of 2nd period - Penalty to Mike Richards is over, Mike Richards is back on ice.
16:08 of 2nd period - Slapshot by Steve Eminger.
16:08 of 2nd period - Deflect By David Krejci.
16:08 of 2nd period - Stopped by James Reimer with a rebound.
16:10 of 2nd period - Slapshot by Steve Eminger.
16:10 of 2nd period - Stopped by James Reimer with a rebound.
16:59 of 2nd period - David Backes is hit by Ryan O'Byrne.
17:09 of 2nd period - Slapshot by David Ullstrom.
17:09 of 2nd period - Stopped by James Reimer without a rebound.
17:10 of 2nd period - David Krejci wins face-off versus Vladimir Sobotka in Red Wings zone.
17:15 of 2nd period - Alex Picard is hit by David Ullstrom and loses puck.
18:43 of 2nd period - Wrist shot by Adam Henrique.
18:43 of 2nd period - Shot Misses the Net.
18:45 of 2nd period - Wrist shot by Philip Samuelsson.
18:45 of 2nd period - Stopped by Jonas Gustavsson without a rebound.
18:46 of 2nd period - Nick Bjugstad wins face-off versus Jordin Tootoo in Flames zone.
18:55 of 2nd period - Snap shot by Colin Wilson.
18:55 of 2nd period - Stopped by James Reimer with a rebound.
19:03 of 2nd period - Slapshot by Jordin Tootoo.
19:03 of 2nd period - Shot Misses the Net.
19:13 of 2nd period - Ryan O'Byrne is hit by Brendan Mikkelson and loses puck.
19:47 of 2nd period - Minor Penalty to Steve Regier for Slashing.
19:48 of 2nd period - Mike Richards wins face-off versus Colin Wilson in Flames zone.
Goals for this period are 3 for Red Wings vs 0 for Flames.
Shots for this period are 12 for Red Wings vs 6 for Flames.

3rd period


0:01 of 3rd period - Alexander Semin wins face-off versus Mike Richards in neutral zone.
0:32 of 3rd period - Wrist shot by Connor Brown.
0:32 of 3rd period - Shot Blocked by Tim Ramholt.
0:34 of 3rd period - Slapshot by Ole-Kristian Tollefsen.
0:34 of 3rd period - Shot Blocked by Tim Ramholt.
1:01 of 3rd period - Off-side.
1:02 of 3rd period - Eric Staal wins face-off versus Nick Bjugstad in neutral zone.
1:07 of 3rd period - Slapshot by Tim Ramholt.
1:07 of 3rd period - Shot Blocked by Jiri Fischer.
1:15 of 3rd period - Snap shot by Tomas Kopecky.
1:15 of 3rd period - Goal by Tomas Kopecky - Red Wings : 7 - Flames : 0.
1:16 of 3rd period - Eric Staal wins face-off versus Nick Bjugstad in neutral zone.
1:50 of 3rd period - Wrist shot by Colin Wilson.
1:50 of 3rd period - Stopped by James Reimer with a rebound.
1:52 of 3rd period - Snap shot by Alexander Semin.
1:52 of 3rd period - Shot Misses the Net.
2:02 of 3rd period - Snap shot by Alex Picard.
2:02 of 3rd period - Shot Blocked by Peter Prucha.
2:08 of 3rd period - Wrist shot by David Krejci.
2:08 of 3rd period - Shot Hit the Post.
2:23 of 3rd period - Peter Prucha is hit by Jiri Fischer and loses puck.
2:43 of 3rd period - Wrist shot by Alex Picard.
2:43 of 3rd period - Stopped by Jonas Gustavsson without a rebound.
2:44 of 3rd period - Eric Staal wins face-off versus Connor Brown in Flames zone.
3:43 of 3rd period - Snap shot by Kyle Palmieri.
3:43 of 3rd period - Stopped by James Reimer without a rebound.
3:44 of 3rd period - Mike Richards wins face-off versus Brad Marchand in Red Wings zone.
4:20 of 3rd period - Snap shot by Sean Bergenheim.
4:20 of 3rd period - Deflect By Nick Bjugstad.
4:20 of 3rd period - Shot Misses the Net.
4:20 of 3rd period - Puck is out of play.
4:21 of 3rd period - Eric Staal wins face-off versus Nick Bjugstad in Flames zone.
4:30 of 3rd period - Wrist shot by Nick Bjugstad.
4:30 of 3rd period - Stopped by Jonas Gustavsson with a rebound.
4:36 of 3rd period - Sean Bergenheim is hit by Eric Staal and loses puck.
4:55 of 3rd period - Wrist shot by Steve Regier.
4:55 of 3rd period - Shot Blocked by Karl Alzner.
4:57 of 3rd period - Slapshot by Brendan Mikkelson.
4:57 of 3rd period - Stopped by James Reimer with a rebound.
4:59 of 3rd period - Snap shot by Steve Regier.
4:59 of 3rd period - Shot Misses the Net.
5:20 of 3rd period - Off-side.
5:21 of 3rd period - Eric Staal wins face-off versus Mike Richards in neutral zone.
5:31 of 3rd period - Snap shot by Adam Henrique.
5:31 of 3rd period - Stopped by Jonas Gustavsson without a rebound.
5:32 of 3rd period - Eric Staal wins face-off versus Mike Richards in Flames zone.
5:45 of 3rd period - Slapshot by Ryan O'Byrne.
5:45 of 3rd period - Shot Blocked by Erik Johnson.
5:47 of 3rd period - Slapshot by Ryan O'Byrne.
5:47 of 3rd period - Shot Misses the Net.
6:08 of 3rd period - Snap shot by Colin Wilson.
6:08 of 3rd period - Shot Misses the Net.
6:24 of 3rd period - Slapshot by Erik Johnson.
6:24 of 3rd period - Shot Misses the Net.
6:30 of 3rd period - Wrist shot by Peter Prucha.
6:30 of 3rd period - Deflect By Steve Regier.
6:30 of 3rd period - Stopped by James Reimer without a rebound.
6:31 of 3rd period - Mike Richards wins face-off versus David Backes in Red Wings zone.
6:38 of 3rd period - Snap shot by Adam Henrique.
6:38 of 3rd period - Stopped by Jonas Gustavsson with a rebound.
6:40 of 3rd period - Wrist shot by Connor Brown.
6:40 of 3rd period - Stopped by Jonas Gustavsson with a rebound.
6:42 of 3rd period - Snap shot by Mike Richards.
6:42 of 3rd period - Stopped by Jonas Gustavsson without a rebound.
6:43 of 3rd period - Eric Staal wins face-off versus Nick Bjugstad in Flames zone.
7:08 of 3rd period - Mike Richards is hit by Colin Wilson and loses puck.
7:13 of 3rd period - Snap shot by Jordin Tootoo.
7:13 of 3rd period - Shot Misses the Net.
7:15 of 3rd period - Slapshot by Brendan Mikkelson.
7:15 of 3rd period - Shot Blocked by Karl Alzner.
7:17 of 3rd period - Slapshot by Tim Ramholt.
7:17 of 3rd period - Shot Misses the Net.
7:19 of 3rd period - Backhand shot by Tim Ramholt.
7:19 of 3rd period - Stopped by James Reimer with a rebound.
7:39 of 3rd period - Off-side.
7:40 of 3rd period - Nick Bjugstad wins face-off versus Eric Staal in neutral zone.
7:56 of 3rd period - Snap shot by Sean Bergenheim.
7:56 of 3rd period - Shot Misses the Net.
8:06 of 3rd period - Sami Vatanen is hit by Ryan O'Byrne and loses puck.
8:17 of 3rd period - Snap shot by Alex Picard.
8:17 of 3rd period - Stopped by Jonas Gustavsson with a rebound.
8:19 of 3rd period - Snap shot by Petr Pohl.
8:19 of 3rd period - Shot Blocked by Sami Vatanen.
8:29 of 3rd period - Snap shot by Alexander Semin.
8:29 of 3rd period - Shot Misses the Net.
8:31 of 3rd period - Wrist shot by Alexander Semin.
8:31 of 3rd period - Stopped by James Reimer without a rebound.
8:32 of 3rd period - Mike Richards wins face-off versus Colin Wilson in Red Wings zone.
8:37 of 3rd period - Snap shot by Adam Henrique.
8:37 of 3rd period - Stopped by Jonas Gustavsson without a rebound.
8:38 of 3rd period - Nick Bjugstad wins face-off versus Colin Wilson in Flames zone.
9:46 of 3rd period - Philip Samuelsson is hit by David Ullstrom and loses puck.
9:55 of 3rd period - Snap shot by Kyle Palmieri.
9:55 of 3rd period - Goal by Kyle Palmieri - Red Wings : 7 - Flames : 1.
9:56 of 3rd period - Brad Marchand wins face-off versus Sean Bergenheim in neutral zone.
10:36 of 3rd period - Wrist shot by Mike Richards.
10:36 of 3rd period - Deflect By Adam Henrique.
10:36 of 3rd period - Shot Blocked by Tim Ramholt.
10:36 of 3rd period - Puck is out of play.
10:37 of 3rd period - David Krejci wins face-off versus Eric Staal in Flames zone.
10:42 of 3rd period - Slapshot by Alex Picard.
10:42 of 3rd period - Stopped by Jonas Gustavsson without a rebound.
10:43 of 3rd period - Eric Staal wins face-off versus David Krejci in Flames zone.
10:45 of 3rd period - Minor Penalty to Derek Meech for Hooking.
10:46 of 3rd period - Mike Richards wins face-off versus Colin Wilson in Flames zone.
11:14 of 3rd period - Snap shot by Sean Bergenheim.
11:14 of 3rd period - Shot Blocked by Erik Johnson.
11:16 of 3rd period - Snap shot by Sean Bergenheim.
11:16 of 3rd period - Stopped by Jonas Gustavsson without a rebound.
11:17 of 3rd period - Nick Bjugstad wins face-off versus Colin Wilson in Flames zone.
11:20 of 3rd period - Snap shot by Sean Bergenheim.
11:20 of 3rd period - Deflect By Tomas Kopecky.
11:20 of 3rd period - Stopped by Jonas Gustavsson without a rebound.
11:21 of 3rd period - Eric Staal wins face-off versus Nick Bjugstad in Flames zone.
12:08 of 3rd period - Icing by Tomas Kopecky.
12:09 of 3rd period - Nick Bjugstad wins face-off versus Colin Wilson in Red Wings zone.
12:23 of 3rd period - Slapshot by Eric Staal.
12:23 of 3rd period - Stopped by James Reimer with a rebound.
12:45 of 3rd period - Penalty to Derek Meech is over, Derek Meech is back on ice.
13:34 of 3rd period - Icing by Michael Haley.
13:35 of 3rd period - Mike Richards wins face-off versus Mikhail Grabovski in Red Wings zone.
13:52 of 3rd period - Slapshot by Adam Henrique.
13:52 of 3rd period - Stopped by Jonas Gustavsson with a rebound.
14:00 of 3rd period - Peter Prucha is hit by Connor Brown and loses puck.
14:04 of 3rd period - Icing by Derek Meech.
14:05 of 3rd period - Nick Bjugstad wins face-off versus Mikhail Grabovski in Flames zone.
14:43 of 3rd period - Icing by Derek Meech.
14:44 of 3rd period - Brad Marchand wins face-off versus Nick Bjugstad in Flames zone.
15:29 of 3rd period - Snap shot by Kyle Palmieri.
15:29 of 3rd period - Stopped by James Reimer without a rebound.
15:30 of 3rd period - Maxim Lapierre wins face-off versus Vladimir Sobotka in Red Wings zone.
16:02 of 3rd period - Slapshot by Sami Vatanen.
16:02 of 3rd period - Stopped by James Reimer without a rebound.
16:03 of 3rd period - Eric Staal wins face-off versus Mike Richards in Red Wings zone.
16:30 of 3rd period - Mike Richards is hit by Steve Regier and loses puck.
17:35 of 3rd period - Snap shot by Connor Brown.
17:35 of 3rd period - Stopped by Jonas Gustavsson without a rebound.
17:36 of 3rd period - Alexander Semin wins face-off versus Nick Bjugstad in Flames zone.
17:52 of 3rd period - Icing by Colin Wilson.
17:53 of 3rd period - Colin Wilson wins face-off versus Alex Picard in Flames zone.
17:53 of 3rd period - Colin Wilson is hit by Alex Picard.
18:02 of 3rd period - Icing by Anton Volchenkov.
18:03 of 3rd period - Eric Staal wins face-off versus David Krejci in Red Wings zone.
18:28 of 3rd period - Snap shot by Alex Picard.
18:28 of 3rd period - Stopped by Jonas Gustavsson without a rebound.
18:29 of 3rd period - Colin Wilson wins face-off versus Nick Bjugstad in Flames zone.
18:31 of 3rd period - Icing by Alexander Semin.
18:32 of 3rd period - Nick Bjugstad wins face-off versus Colin Wilson in Flames zone.
18:48 of 3rd period - Slapshot by Alexander Semin.
18:48 of 3rd period - Stopped by James Reimer with a rebound.
19:11 of 3rd period - Icing by Eric Staal.
19:12 of 3rd period - Mike Richards wins face-off versus Eric Staal in Flames zone.
Goals for this period are 1 for Red Wings vs 1 for Flames.
Shots for this period are 15 for Red Wings vs 11 for Flames.